 Dungeon Crawl Stone Soup version 0.29.1-15-g9cfb28693d (webtiles) character file.

Game seed: 5640207633976814389

3609 H0rd4k the Sneak (level 10, 0/79 HPs)
             Began as a Human Artificer on Apr 27, 2023.
             Was an Initiate of Gozag.
             Slain by a kobold demonologist
             ... wielding a +0 dagger
              (5 damage)
             ... on level 9 of the Dungeon.
             The game lasted 00:15:11 (7650 turns).

H0rd4k the Sneak (Human Artificer)                  Turns: 7650, Time: 00:15:12

Health: 0/79       AC: -24   Str: 12    XL:     10   Next: 32%
Magic:  19/19      EV: 15    Int: 16    God:    Gozag
Gold:   926        SH:  0    Dex: 16    Spells: 9/9 levels left

rFire   . . .      SeeInvis .   O - +5 quarterstaff of Getac {vorpal, MP+9 Dex+2}
rCold   + . .      Faith    .   (shield currently unavailable)
rNeg    . . .      Spirit   .   b - +0 leather armour
rPois   .          Reflect  .   (no helmet)
rElec   .          Harm     .   P - +2 cloak
rCorr   .          Rampage  .   J - +0 pair of gloves
Will    .....                   (no boots)
Stlth   +++.......              m - amulet of regeneration
HPRegen 1.03/turn               k - ring of protection from cold
MPRegen 0.16/turn               d - +4 ring of protection

@: corroded, studying Stealth
A: no striking features
a: Renounce Religion, Potion Petition, Call Merchant, Bribe Branch


You were on level 9 of the Dungeon.
You worshipped Gozag.
Gozag was pleased with you.
You visited 2 branches of the dungeon, and saw 10 of its levels.
You also visited: Ossuary.

You collected 989 gold pieces.
You paid 63 gold pieces to Gozag.

Inventory:

Hand Weapons
 n - a +0 flail of protection
 D - a +0 dagger of venom
 I - the +2 falchion "Xicrevei" {pain, Int-4 Dex+6}
   (You found it on level 8 of the Dungeon)

   In the hands of one skilled in necromantic magic, it inflicts extra damage on
   living creatures.
   Int:       It affects your intelligence (-4).
   Dex:       It affects your dexterity (+6).
 K - a +0 shortbow of freezing
 O - the +5 quarterstaff of Getac (weapon) {vorpal, MP+9 Dex+2}
   (You found it on level 5 of the Dungeon)

   It inflicts extra damage upon your enemies.
   Dex:       It affects your dexterity (+2).
   MP:        It affects your magic capacity (+9).
Missiles
 i - 12 poisoned darts
Armour
 b - a +0 leather armour (worn)
 J - a +0 pair of gloves (worn)
 P - a +2 cloak (worn)
Magical Staves
 e - a staff of cold
 u - a staff of death
Jewellery
 a - a ring of positive energy
 d - a +4 ring of protection (right hand)
 k - a ring of protection from cold (left hand)
 m - an amulet of regeneration (around neck)
 w - an amulet of reflection
 G - an amulet of the acrobat
 Q - a +6 ring of intelligence
Wands
 f - a wand of flame (9)
Scrolls
 o - 3 scrolls of brand weapon
 v - a scroll of vulnerability
 y - 2 scrolls of immolation
 B - 3 scrolls of identify
 C - 2 scrolls of enchant weapon
 E - a scroll of noise
Potions
 c - a potion of mutation {unknown}
 l - a potion of magic
 p - 2 potions of curing
 q - 2 potions of degeneration
 z - 2 potions of brilliance
 A - a potion of cancellation
 F - a potion of haste {unknown}
 H - 3 potions of lignification {unknown}
 L - a potion of attraction {unknown}
 M - a potion of invisibility {unknown}
 N - a potion of resistance


   Skills:
 + Level 7.1 Fighting
 - Level 6.5(6.8) Maces & Flails
 * Level 2.3(4.8) Staves
 - Level 2.0 Armour
 + Level 6.7 Dodging
 + Level 7.5 Stealth
 + Level 5.5 Evocations


You had 9 spell levels left.
You didn't know any spells.
Your spell library contained the following spells:

 Spells                   Type           Power      Damage    Failure   Level
 Apportation              Tloc           0%         N/A       32%         1
 Necrotise                Necr           0%         1d4       32%         1
 Summon Small Mammal      Summ           0%         N/A       32%         1
 Static Discharge         Conj/Air       0%         3-3/arc   43%         2
 Inner Flame              Hex/Fire       0%         N/A       67%         3
 Cause Fear               Hex            0%         N/A       97%         4
 Petrify                  Tmut/Erth      0%         N/A       97%         4
 Discord                  Hex            0%         N/A       100%        8


Dungeon Overview and Level Annotations

Branches:
Dungeon (9/15)             Temple (1/1) D:4         Ossuary (visited)
   Lair: D:8-11         Orc: D:9-12

Altars:
Ashenzari
Cheibriados
Dithmenos
Elyvilon
Gozag
Hepliaklqana
Kikubaaqudgha
Makhleb
Nemelex Xobeh
Okawaru
Qazlal
Ru
Sif Muna
Trog
Vehumet
Wu Jian
Xom
Yredelemnul
Zin
The Shining One

Annotations:
D:4 2 transporters, exclusion: downstairs, engelados's ghost, amateur MiFi
D:6 exclusion: downstairs
D:8 exclusions: downstairs, steam dragon and 3 upstairs
Temple 4 transporters


Message History

Saving game... please wait.
You hear the roar of battle.
There is an entrance to a bailey on this level.
Hurry and find it before the portal closes forever!
Welcome back, H0rd4k the Human Artificer.
Gozag says: Greed is good.
Press ? for a list of commands and other information.
Okay, then.
You feel much better. The rust devil hits you! The rust devil corrodes you!
The kobold demonologist hits you with a +0 dagger.
* * * LOW HITPOINT WARNING * * *
Aiming: Throw Flame
Press: ? - help, Shift-Dir - straight line, f - kobold demonologist
Aim: a kobold demonologist, wielding a +0 dagger and wearing a +0 robe (severely wounded, 64% to hit)
The puff of flame misses the kobold demonologist.
The puff of flame hits the ice devil!
The ice devil is burned terribly!
The ice devil is moderately wounded.
The rust devil hits you!
* * * LOW HITPOINT WARNING * * *
The rust devil corrodes you!
The kobold demonologist hits you with a +0 dagger.
* * * LOW HITPOINT WARNING * * *
Aiming: Throw Flame
Press: ? - help, Shift-Dir - straight line, f/p - kobold demonologist
Aim: a kobold demonologist, wielding a +0 dagger and wearing a +0 robe (severely wounded, 64% to hit)
The puff of flame hits the kobold demonologist.
The kobold demonologist is almost dead.
The rust devil closely misses you.
The kobold demonologist gestures wildly while chanting.
The kobold demonologist barely misses you.
Aiming: Throw Flame
Press: ? - help, Shift-Dir - straight line, f/p - kobold demonologist
Aim: a kobold demonologist, wielding a +0 dagger and wearing a +0 robe (almost dead, 64% to hit)
The puff of flame hits the kobold demonologist.
The kobold demonologist is almost dead.
The rust devil hits you.
* * * LOW HITPOINT WARNING * * *
The rust devil corrodes you!
The kobold demonologist hits you with a +0 dagger.
You die...
Your body crumbles into a pile of gold.

.# #.K. .###... ....#
#.K# #K# #K## # #.K#
###
#...#######K3####.$.#
#....4@K4535...#
#.######535..###
#..#..# #..#.....
#.###..### #######
##.# .##
###.....####..# .#
..............## #
...............##.#


You could see a sun demon (summoned), an ice devil (summoned), a rust devil
(summoned), 2 kobold demonologists, a smoke demon (summoned), a neqoxec
(summoned), an iron imp (summoned, fast, petrifying), a quasit (summoned), 2
crimson imps and a kobold.

Vanquished Creatures
  A kobold demonologist (D:6)
  A steam dragon (D:5)
  A water moccasin (D:8)
  3 ice beasts
  A sky beast (D:7)
  An ogre (D:6)
  A centaur (D:8)
  A kobold brigand (D:8)
  A bullfrog (D:7)
  A wyvern zombie (Ossuary)
  5 necrophages
  5 scorpions
  7 wights
  6 howler monkeys
  2 centaur zombies (Ossuary)
  4 bullfrog zombies (Ossuary)
  4 hounds
  3 orc priests
  3 jellies
  4 iguanas
  8 mummies (Ossuary)
  5 orc wizards
  A howler monkey zombie (Ossuary)
  6 adders
  3 gnolls
  A white imp (D:8)
  2 ufetubi
  A dart slug (D:1)
  23 orcs
  4 ball pythons
  6 bats
  4 endoplasms
  2 giant cockroaches (D:2)
  4 goblins
  7 hobgoblins
  6 jackals (D:4)
  2 quokkas
  A frilled lizard (D:3)
  11 kobolds
  A rat (D:1)
153 creatures vanquished.

Vanquished Creatures (collateral kills)
  A bullfrog zombie (Ossuary)
  3 mummies (Ossuary)
  A gnoll (D:2)
  2 orcs (D:4)
  An endoplasm (D:4)
  A kobold (D:2)
9 creatures vanquished.

Vanquished Creatures (others)
  A centaur zombie (Ossuary)
  A bullfrog zombie (Ossuary)
  5 mummies (Ossuary)
  A howler monkey zombie (Ossuary)
  A gnoll (D:2)
  4 withered plants (Ossuary)
13 creatures vanquished.

Grand Total: 175 creatures vanquished

Notes
Turn   | Place    | Note
-------+----------+-------------------------------------------
     0 | D:1      | H0rd4k the Human Artificer began the quest for the Orb.
     0 | D:1      | Reached XP level 1. HP: 15/15 MP: 1/1
   338 | D:1      | Found a faded altar of an unknown god.
   685 | D:1      | Reached XP level 2. HP: 16/21 MP: 2/2
  1559 | D:2      | Found a white marble altar of Elyvilon.
  1565 | D:2      | Reached XP level 3. HP: 26/26 MP: 3/3
  1572 | D:2      | Reached skill level 1 in Maces & Flails
  1663 | D:2      | Reached XP level 4. HP: 30/32 MP: 4/4
  2499 | D:3      | Found a hazy altar of Hepliaklqana.
  2712 | D:4      | Noticed a scorpion
  2715 | D:4      | Killed a scorpion
  2716 | D:4      | Reached XP level 5. HP: 37/37 MP: 5/5
  2732 | D:4      | Found a sand-covered staircase.
  2754 | Ossuary  | Entered an ossuary
  2774 | Ossuary  | Your ally bog mummy died
  2777 | Ossuary  | Reached XP level 6. HP: 37/44 MP: 6/6
  2817 | Ossuary  | Your ally bog mummy died
  2848 | Ossuary  | Reached XP level 7. HP: 37/50 MP: 7/7
  2896 | Ossuary  | Reached skill level 5 in Evocations
  3261 | D:4      | Reached skill level 5 in Maces & Flails
  3304 | D:4      | HP: 2/51 [iguana (3)]
  3306 | D:4      | Reached XP level 8. HP: 4/57 MP: 8/8
  3423 | D:4      | Found a transporter.
  3438 | D:4      | Found a sacrificial altar of Ru.
  3566 | D:4      | Found a staircase to the Ecumenical Temple.
  3598 | Temple   | Entered the Ecumenical Temple
  3598 | Temple   | Found a transporter.
  3598 | Temple   | Found a transporter.
  3613 | Temple   | Found a transporter.
  3613 | Temple   | Found a transporter.
  3629 | Temple   | Became a worshipper of Gozag Ym Sagoz the Greedy
  3778 | D:4      | Found a stormy altar of Qazlal.
  3826 | D:4      | You fall into a shaft and drop 3 floors!
  3864 | D:6      | Found an ancient bone altar of Kikubaaqudgha.
  4001 | D:5      | Entered Level 5 of the Dungeon
  4138 | D:4      | Noticed engelados's ghost (amateur MiFi)
  4144 | D:4      | Found a transporter.
  4197 | D:4      | Found a shimmering blue altar of Sif Muna.
  4391 | D:5      | Found a shadowy altar of Dithmenos.
  4465 | D:5      | Found a white marble altar of Elyvilon.
  4484 | D:5      | Reached XP level 9. HP: 66/66 MP: 9/9
  4497 | D:5      | Identified the +5 quarterstaff of Getac {vorpal, MP+9
                  | Dex+2}
  4844 | D:5      | Found an iron altar of Okawaru.
  5210 | D:6      | Reached skill level 5 in Fighting
  5235 | D:6      | Noticed a kobold demonologist
  5375 | D:6      | Killed a kobold demonologist
  5376 | D:6      | Reached skill level 5 in Dodging
  5376 | D:6      | Reached skill level 5 in Stealth
  5519 | D:6      | Found a bloodstained altar of Trog.
  5519 | D:6      | Found a shimmering altar of Xom.
  5537 | D:6      | Got Cesti's Lectures on the Lithic Birds
  5829 | D:7      | Found a burning altar of Makhleb.
  6008 | D:8      | Found a broken altar of Ashenzari.
  6139 | D:8      | Identified the +2 falchion "Xicrevei" {pain, Int-4 Dex+6}
  6387 | D:8      | Reached XP level 10. HP: 77/77 MP: 10/10
  6709 | D:8      | Found a sparkling altar of Nemelex Xobeh.
  7008 | D:6      | Reached skill level 1 in Staves
  7608 | D:9      | Noticed a kobold demonologist
  7609 | D:9      | Noticed a kobold demonologist
  7625 | D:9      | Noticed a rust devil
  7625 | D:9      | Noticed a rust devil
  7632 | D:9      | Noticed an ice devil
  7633 | D:9      | Noticed a rust devil
  7638 | D:9      | Noticed an ice devil
  7640 | D:9      | Noticed a smoke demon
  7650 | D:9      | Noticed a sun demon
  7650 | D:9      | Slain by a kobold demonologist

Illustrated notes

Levels and vault maps discovered:
D:1:      minmay_arrival_semitransparent, layout_basic,
          hellmonk_ecumenical_altar_leap_of_faith
D:2:      layout_loops_ring, basic_altar
D:3:      layout_basic, mainiacjoe_overflow_paths
D:4:      layout_rooms, mainiacjoe_overflow_alcove_2,
          mainiacjoe_overflow_catwalk, nicolae_ru_awakened_eye,
          minmay_temple_entry_sparse_star, gammafunk_ghost_arena,
          enter_ossuary_2
D:5:      layout_loops_ring, mainiacjoe_overflow_cross_hatched,
          elyvilon_altar_5, okawaru_altar_gauntlet_db
D:6:      layout_basic, nicolae_overflow_two_pavilions, lemuel_doored_altar,
          kennysheep_another_room, minmay_manual_moon
D:7:      wad_river_or_something, layout_rooms,
          mainiacjoe_overflow_surrounded_room, kennysheep_mini_moat
D:8:      layout_loops_ring, nemelex_diamond_rough_becter,
          mainiacjoe_overflow_24_doors
D:9:      layout_layer_cave, kennysheep_little_box, erik_lair_dragon,
          minmay_orc_entry_temple_small, enter_bailey_5,
          nicolae_fountain_basement
Temple:   hellmonk_temple_divided_pantheon

Skill      XL: |  1  2  3  4  5  6  7  8  9 10 |
---------------+-------------------------------+-----
Maces & Flails | 1 2 3 5 6 |  6.5
Evocations     | 4 5 |  5.5
Dodging        | 2 3 4 5 6 |  6.7
Fighting       | 2 4 6 7 |  7.1
Stealth        | 2 3 6 7 |  7.5
Staves         | 2 |  2.3
Armour         | |  2.0

Action                   |  1- 3 |  4- 6 |  7- 9 | 10-12 || total
-------------------------+-------+-------+-------+-------++-------
Melee: Club              |    61 |       |       |       ||    61
       Punch             |     2 |       |    10 |       ||    12
       Mace              |     4 |    25 |       |       ||    29
       Flail             |       |    36 |   569 |   106 ||   711
       Quarterstaff      |       |       |       |    76 ||    76
Evoke: Wand              |     6 |    26 |     9 |     6 ||    47
  Use: Scroll            |       |       |    10 |     9 ||    19
       Potion            |       |       |     7 |     2 ||     9
 Stab: Sleeping          |     1 |       |     3 |       ||     4
       Distracted        |       |       |     6 |     1 ||     7
       Paralysed         |       |       |     7 |       ||     7
Armor: Leather armour    |    25 |    35 |   235 |    53 ||   348
Dodge: Dodged            |    55 |    54 |   370 |   143 ||   622
